 Dungeon Crawl Stone Soup version 0.15-a0-1115-g12a312a (console) character file.

69 gw the Cudgeler (level 4, 0/49 HPs)
             Began as an Ogre Berserker on May 28, 2014.
             Was a Believer of Trog.
             Slain by Grinder (8 damage)
             ... on Level 3 of the Dungeon.
             The game lasted 00:00:55 (1875 turns).

gw the Cudgeler (Ogre Berserker)                    Turns: 1875, Time: 00:00:55

HP   0/49        AC  3     Str 22      XL: 4   Next: 20%
MP   4/4         EV 11     Int  6      God: Trog [**....]
Gold 0           SH  0     Dex 13      Spells:  0 memorised,  3 levels left

rFire  . . .     SeeInvis .     a - +1,+0 mace
rCold  . . .     Clarity  .     b - +0 animal skin
rNeg   . . .     Conserve .     (shield restricted)
rPois  .         rCorr    .     (helmet restricted)
rElec  .         rRot     .     (no cloak)
SustAb .         Spirit   .     (gloves unavailable)
rMut   .         Warding  .     (boots unavailable)
Gourm  .         Stasis   .     k - amulet of faith
MR     ++...                    (no ring)
                                q - +3 ring of dexterity

@: regenerating, very resistant to hostile enchantments, very unstealthy
A: unfitting armour, tough skin 1
a: Burn Spellbooks, Berserk, Trog's Hand, Renounce Religion


You were on level 3 of the Dungeon.
You worshipped Trog.
Trog was pleased with you.
You were near starving.

You visited 1 branch of the dungeon, and saw 3 of its levels.

Inventory:

Hand weapons
 a - a +1,+0 mace (weapon)
Missiles
 d - 56 stones (quivered)
 e - 20 darts
 g - 13 darts of flame
Armour
 b - a +0 animal skin (worn)
Comestibles
 c - 2 meat rations
 i - a bread ration
Scrolls
 f - 2 scrolls of identify
 h - a scroll of enchant weapon II {unknown}
 j - a scroll of random uselessness
Jewellery
 k - an amulet of faith (around neck)
 q - a +3 ring of dexterity (left hand)


   Skills:
 + Level 4.5 Fighting
 * Level 5.2 Maces & Flails
 + Level 1.3 Throwing
 + Level 3.4 Dodging


You had 3 spell levels left.
You didn't know any spells.

Dungeon Overview and Level Annotations

Branches:
Dungeon (3/15)

Altars:
Makhleb
Sif Muna
The Shining One

Annotations:
D:3 Grinder


Innate Abilities, Weirdness & Mutations

You are too large for most types of armour.
You have tough skin (AC +1).


Message History

You hit Grinder but do no damage.
Grinder is severely wounded.
Grinder gestures at you. You resist with almost no effort.
FLEEEEING!
ATTACKING (-1,0)
You barely miss Grinder.
Grinder is severely wounded.
Grinder gestures at you. You resist with almost no effort.
Grinder gestures at you.
You suddenly lose the ability to move!
Grinder hits you.
You writhe in agony.
You can move again.
FLEEEEING!
ATTACKING (-1,0)
You hit Grinder but do no damage.
Grinder is severely wounded.
Grinder hits you!
You die...

#.#........# #
##.#........#####
#...............#
#....#####......# #.$..#
#......#
#....#####......#
#.......##......#
####.....##......#
_#2#.....##....5O#
####.....#########
#...............#
##.####.........# ###.##
#..$......#####
.....####.#..........##
..........#....$.......#
.....######..........#.#
.....# #............#


You could see Grinder.

Table legend:
 A = Turns spent in this place as a percentage of turns spent in the entire game.
 B = Non-inter-level travel turns spent in this place as a percentage of non-inter-level travel turns spent in the entire game.
 C = Inter-level travel turns spent in this place as a percentage of turns spent in this place.
 D = Turns resting spent in this place as a percentage of non-inter-level travel turns spent in this place.
 E = Turns spent auto-exploring this place as a percentage of non-inter-level travel turns spent in this place.
 F = Non-inter-level travel turns spent in this place divided by the number of levels of this place that you've seen.
                   A       B       C       D       E      F
               +-------+-------+-------+-------+-------+----------------------
         Total | 100.0 | 100.0 |   1.9 |   7.1 |  24.5 | 140.3
       Dungeon | 100.0 | 100.0 |   1.9 |   7.1 |  24.5 | 140.3
               +-------+-------+-------+-------+-------+----------------------

Table legend:
 A = Kills in this place as a percentage of kills in entire the game.
 B = Kills by you in this place as a percentage of kills by you in the entire game.
 C = Kills by friends in this place as a percentage of kills by friends in the entire game.
 D = Other kills in this place as a percentage of other kills in the entire game.
 E = Experience gained in this place as a percentage of experience gained in the entire game.
 F = Experience gained in this place divided by the number of levels of this place that you have seen.
                   A       B       C       D       E      F
               +-------+-------+-------+-------+-------+----------------------
         Total | 100.0 | 100.0 |  -nan |  -nan | 100.0 |  33.0
       Dungeon | 100.0 | 100.0 |  -nan |  -nan | 100.0 |  33.0
               +-------+-------+-------+-------+-------+----------------------

Vanquished Creatures
  3 adders
  A giant gecko (D:2)
  5 bats
  4 hobgoblins
  3 jackals (D:2)
  An ooze (D:1)
  A quokka (D:3)
  A ball python (D:2)
  4 giant cockroaches
  2 giant newts
  9 goblins
  3 kobolds
  3 rats (D:2)
40 creatures vanquished.

Notes
Turn   | Place    | Note
--------------------------------------------------------------
     0 | D:1      | gw, the Ogre Berserker, began the quest for the Orb.
     0 | D:1      | Reached XP level 1. HP: 24/24 MP: 1/1
   177 | D:1      | Reached XP level 2. HP: 28/32 MP: 2/2
   403 | D:1      | Acquired Trog's second power
   764 | D:2      | Reached XP level 3. HP: 38/40 MP: 3/3
  1080 | D:2      | Reached skill level 1 in Throwing
  1530 | D:3      | Reached skill level 5 in Maces & Flails
  1530 | D:3      | Reached XP level 4. HP: 46/49 MP: 4/4
  1590 | D:3      | Found a glowing golden altar of the Shining One.
  1590 | D:3      | Found a deep blue altar of Sif Muna.
  1658 | D:3      | Found a burning altar of Makhleb.
  1658 | D:3      | Noticed a balrug
  1801 | D:3      | Noticed Grinder
  1873 | D:3      | Paralysed by Grinder for 2 turns
  1875 | D:3      | Slain by Grinder

Action                   |  1- 3 |  4- 6 || total
-------------------------+-------+-------++-------
Melee: Mace              |    83 |    43 ||   126
Throw: Stone             |    76 |     9 ||    85
Invok: Trog's Hand       |       |     4 ||     4
       Berserk           |       |     1 ||     1
  Use: Scroll            |     7 |       ||     7
       Potion            |     5 |       ||     5

Vault maps used:
D:1:      minmay_arrival_split_and_join
D:2:      hex_medium
D:3:      minmay_goblin_kobold_castle, grunt_temple_overflow_gold_and_silver,
          makhleb_altar_promises_db, lemuel_coloured_pillars_altar,
          gammafunk_temple_overflow_wave, first_bread, uniq_grinder
